 Dungeon Crawl Stone Soup version 0.30-a0-578-gdee14c521f (webtiles) character file.

Game seed: 15715110733655461305

1183 mhtbhm the Chopper (level 8, -2/91 HPs)
             Began as a Human Fighter on Dec 31, 2022.
             Slain by a white imp (3 damage)
             ... on level 6 of the Dungeon.
             The game lasted 00:05:24 (4822 turns).

mhtbhm the Chopper (Human Fighter)                  Turns: 4822, Time: 00:05:25

Health: -2/91      AC: 10    Str: 19    XL:     8   Next: 70%
Magic:  17/17      EV: 10    Int:  8    God:
Gold:   307        SH:  5    Dex: 13    Spells: 7/7 levels left

rFire   . . .      SeeInvis .    a - +2 hand axe (heavy)
rCold   . . .      Faith    .    c - +0 buckler
rNeg    . . .      Spirit   .    b - +0 scale mail
rPois   .          Reflect  .    (no helmet)
rElec   .          Harm     .    w - +1 cloak
rCorr   .          Rampage  .    v - +0 pair of gloves
Will    +....                    (no boots) Stlth
                                 (no amulet)
HPRegen 0.35/turn                f - ring of willpower
MPRegen 0.15/turn                h - ring of magical power

@: berserking, about to teleport, weakened, very quick
A: no striking features
a: no special abilities


You were on level 6 of the Dungeon.
You visited 1 branch of the dungeon, and saw 6 of its levels.

You collected 307 gold pieces.

Inventory:

Hand Weapons
 a - a +2 heavy hand axe (weapon)
Armour
 b - a +0 scale mail (worn)
 c - a +0 buckler (worn)
 v - a +0 pair of gloves (worn)
 w - a +1 cloak (worn)
Jewellery
 f - a ring of willpower (left hand)
 h - a ring of magical power (right hand)
 y - a ring of positive energy
Scrolls
 e - 4 scrolls of teleportation
 g - a scroll of noise
 k - a scroll of brand weapon
 m - 2 scrolls of blinking {unknown}
 n - 2 scrolls of vulnerability {unknown}
 o - a scroll of enchant armour
 p - a scroll of butterflies {unknown}
 q - a scroll of amnesia {unknown}
 s - 3 scrolls of fog {unknown}
 z - a scroll of immolation {unknown}
Potions
 d - 3 potions of might
 i - a potion of attraction
 j - a potion of berserk rage
 l - 2 potions of cancellation
 r - 2 potions of flight
 t - a potion of lignification
 u - a potion of mutation {unknown}
 x - a potion of invisibility {unknown}


   Skills:
 + Level 4.8 Fighting
 + Level 6.6 Axes
 + Level 5.2 Armour
 + Level 2.4 Dodging
 + Level 1.7 Stealth
 + Level 4.2 Shields


You had 7 spell levels left.
You didn't know any spells.
Your spell library contained the following spells:

 Spells                   Type           Power      Damage    Failure   Level
 Cigotuvi's Dreadful Rot  Necr/Pois/Air  0%         N/A       94%         2
 Poisonous Vapours        Pois/Air       0%         N/A       94%         2
 Hailstorm                Conj/Ice       0%         3d3       99%         3
 Mephitic Cloud           Conj/Pois/Air  0%         N/A       99%         3
 Ice Form                 Ice/Tmut       0%         N/A       100%        4
 Simulacrum               Ice/Necr       0%         N/A       100%        6


Dungeon Overview and Level Annotations

Branches:
Dungeon (6/15)
 Temple: D:4-7

Altars:
Ru
Trog
Vehumet

Shops:
D:2 :   D:3 :

Annotations:
D:1 2 transporters
D:6 Menkaure


Message History

You feel as though you will be weak longer.
The gnoll bouda barely misses you. The gnoll hits you with a +0 flail.
You closely miss the gnoll bouda.
The gnoll bouda is almost dead.
You slash the gnoll!
You kill the gnoll!
You barely miss the gnoll. You hit the gnoll.
The gnoll hits you with a +0 whip. The gnoll closely misses you.
You block the gnoll bouda's attack.
An ogre comes into view. It is wielding a +0 giant spiked club.
The gnoll hits you with a +0 flail! You block the gnoll's attack.
The gnoll barely misses you.
You slash the gnoll bouda!
You kill the gnoll bouda!
You barely miss the gnoll. You slash the gnoll!
You kill the gnoll!
The sentinel's mark upon you fades away.
The gnoll hits you but does no damage. You block the gnoll's attack.
The white imp barely misses you.
You hit the gnoll.
You kill the gnoll!
You barely miss the white imp. The gnoll misses you.
The white imp hits you but does no damage.
The gnoll closely misses you. x2
Unknown command.
As you read the scroll of teleportation, it crumbles to dust.
You feel strangely unstable.
The gnoll is no longer moving quickly.
The white imp hits you but does no damage.
The troll misses you. The troll barely misses you. x2
The gnoll hits you with a +0 club.
Menkaure casts a spell.
Menkaure seems to speed up.
The gnoll hits you from afar with a +0 halberd!
* * * LOW HITPOINT WARNING * * *
It was a potion of berserk rage.
A red film seems to cover your vision as you go berserk!
You feel yourself moving faster!
You feel mighty! The troll bites you!
* * * LOW HITPOINT WARNING * * *
The troll claws you but does no damage. x2; The white imp hits you.
You die...

#........###....
#..............#
#############.## #.#
######### #.#
###......|# #.# #
..g...##.# #.#
#.##.##)##Z##.######.#
#....g@5..O.M.....†..#
####.##T##.##.######...
# ......##.# #.#.
###.......# #.#.
######### #.# #.# ...
...


You could see a troll, an ogre, Menkaure (fast), 2 gnolls, a white imp and an
orc skeleton.

Vanquished Creatures
  An orc warrior (D:5)
  2 black bears
  2 centaurs (D:5)
  A phantom (D:5)
  A necrophage (D:5)
  3 scorpions
  A hound (D:5)
  An orc priest (D:4)
  2 jellies
  A gnoll bouda (D:6)
  Terence (D:3)
  2 iguanas
  An orc wizard (D:5)
  7 adders
  4 gnolls
  2 worms (D:4)
  3 dart slugs
  9 orcs
  8 bats
  7 endoplasms
  8 goblins
  5 hobgoblins
  9 jackals
  2 kobolds
  4 quokkas
  8 ball pythons
  5 frilled lizards
  6 rats
106 creatures vanquished.

Notes
Turn   | Place    | Note
-------+----------+-------------------------------------------
     0 | D:1      | mhtbhm the Human Fighter began the quest for the Orb.
     0 | D:1      | Reached XP level 1. HP: 18/18 MP: 1/1
    64 | D:1      | Reached XP level 2. HP: 24/24 MP: 2/2
   323 | D:1      | Reached XP level 3. HP: 27/29 MP: 3/3
   693 | D:2      | You fall into a shaft and drop 1 floor!
   722 | D:3      | Found a bloodstained altar of Trog.
   762 | D:3      | Noticed Terence
   774 | D:3      | Killed Terence
   775 | D:3      | Reached XP level 4. HP: 15/36 MP: 4/4
   836 | D:3      | Reached skill level 3 in Axes
   849 | D:3      | Found Xewyfoj's Book Emporium.
   925 | D:3      | Found a faded altar of an unknown god.
  1159 | D:3      | Reached XP level 5. HP: 41/41 MP: 5/5
  1518 | D:2      | Reached skill level 1 in Dodging
  1736 | D:2      | Found Comeigg's Book Shop.
  2120 | D:4      | Noticed a black bear
  2132 | D:4      | Killed a black bear
  2133 | D:4      | Reached skill level 4 in Axes
  2133 | D:4      | Reached XP level 6. HP: 16/48 MP: 6/6
  3101 | D:4      | Reached XP level 7. HP: 48/54 MP: 7/7
  3322 | D:5      | Entered Level 5 of the Dungeon
  3378 | D:5      | Reached skill level 5 in Axes
  3703 | D:5      | Reached XP level 8. HP: 51/61 MP: 8/8
  3807 | D:5      | Found a sacrificial altar of Ru.
  3808 | D:5      | Found a radiant altar of Vehumet.
  3963 | D:5      | Reached skill level 6 in Axes
  3963 | D:5      | Reached skill level 5 in Armour
  4769 | D:6      | Reached skill level 1 in Stealth
  4814 | D:6      | Noticed a troll
  4817 | D:6      | Noticed Menkaure
  4822 | D:6      | HP: 1/91 [troll (14)]
  4822 | D:6      | Slain by a white imp

Illustrated notes

Levels and vault maps discovered:
D:1:      spicycebolla_arrival_transporter_tutorial, layout_basic
D:2:      layout_basic, serial_shops, shop
D:3:      minmay_inner_zag, layout_rooms, mainiacjoe_overflow_brackets,
          serial_shops, shop, ebering_ecumenical_altar_ruins, uniq_terence
D:4:      layout_loops_ring
D:5:      layout_loops_ring, gammafunk_temple_overflow_statue,
          nicolae_elevator_lobby_plus
D:6:      layout_loops_cross, nicolae_tso_besieged_by_evil,
          portal_sewer_entry_b, serial_shops,
          nicolae_shop_temple_entry_statues_fountains, uniq_crazy_yiuf_cottage,
          uniq_menkaure

Skill      XL: |  1  2  3  4  5  6  7  8 |
---------------+-------------------------+-----
Axes           | 3 4 5 6 |  6.6
Dodging        | 1 2 |  2.4
Fighting       | 4 |  4.8
Armour         | 4 5 |  5.2
Shields        | 4 |  4.2
Stealth        | 1 |  1.7

Action                   |  1- 3 |  4- 6 |  7- 9 || total
-------------------------+-------+-------+-------++-------
Melee: War axe           |    47 |   172 |   101 ||   320
       Hand axe          |       |       |    24 ||    24
  Use: Potion            |     1 |       |     2 ||     3
       Scroll            |       |     1 |     8 ||     9
Armor: Scale mail        |    23 |    89 |    67 ||   179
       Skin              |       |       |     8 ||     8
Dodge: Dodged            |    23 |   114 |    85 ||   222
Block: Buckler           |    11 |    57 |    44 ||   112

Table legend: (Time is in decaauts)
 A = Elapsed time spent in this place.
 B = Non-inter-level travel time spent in this place.
 C = Inter-level travel time spent in this place.
 D = Time resting spent in this place.
 E = Time spent auto-exploring this place.
 F = Levels seen in this place.
 G = Mean time per level.
                   A        B        C        D        E       F      G
               +--------+--------+--------+--------+--------+-----+--------+
         Total |   4943 |   4892 |     51 |    480 |   3212 |   6 |  823.8 |
       Dungeon |   4943 |   4892 |     51 |    480 |   3212 |   6 |  823.8 |
               +--------+--------+--------+--------+--------+-----+--------+

Top non-repeatable levels by time:
     D:5: 1458 daAuts
     D:4: 1220 daAuts
     D:2: 750 daAuts
     D:3: 725 daAuts
     D:1: 711 daAuts
     D:6: 78 daAuts
